 Dungeon Crawl Stone Soup version 0.26.1-11-gd32895ea62 (webtiles) character file.

Game seed: 16221108894292349774

101 AuftragZ the Gusty (level 4, 0/33 HPs)
             Began as a Draconian Air Elementalist on June 17, 2021.
             Succumbed to an adder's poison
             ... on level 4 of the Dungeon.
             The game lasted 00:05:03 (1933 turns).

AuftragZ the Gusty (Draconian Air Elementalist)     Turns: 1933, Time: 00:05:04

Health: 0/33       AC:  5    Str: 11    XL:     4   Next: 48%
Magic:  0/7        EV: 12    Int: 16    God:
Gold:   108        SH:  0    Dex: 11    Spells: 6/7 levels left

rFire    . . .     SeeInvis .   b - +2 dagger (venom)
rCold    . . .     Faith    .   (no shield)
rNeg     . . .     Spirit   .   (armour unavailable)
rPois    .         Reflect  .   (helmet restricted)
rElec    .         Harm     .   (no cloak)
rCorr    .         Rampage  .   (no gloves)
Will     .....                  (no boots)
Stlth    ++........             (no amulet)
HPRegen  0.11/turn              (no ring)
MPRegen  0.10/turn              (no ring)

@: lethally poisoned (0 -> -2)
A: unfitting armour, cold-blooded, AC +5
a: no special abilities


You were on level 4 of the Dungeon.
You visited 1 branch of the dungeon, and saw 3 of its levels.

You collected 108 gold pieces.

Inventory:

Hand Weapons
 b - a +2 dagger of venom (weapon)
Jewellery
 a - a cursed ring of attention {unknown}
Scrolls
 d - a scroll of teleportation {unknown}
 e - a scroll of identify {unknown}
 g - a scroll of blinking {unknown}
Potions
 c - a potion of invisibility {unknown}
 f - a potion of mutation {unknown}


   Skills:
 + Level 1.1 Short Blades
 + Level 2.1 Dodging
 + Level 2.3 Stealth
 + Level 0.1 Unarmed Combat
 + Level 2.3 Spellcasting
 + Level 1.2 Conjurations
 + Level 4.3 Air Magic


You had 6 spell levels left.
You knew the following spells:

 Your Spells              Type           Power        Failure   Level
a - Shock                 Conj/Air       40%          6%          1

Your spell library contained the following spells:

 Spells                   Type           Power        Failure   Level
 Swiftness                Air            15%          5%          2
 Static Discharge         Conj/Air       10%          19%         3
 Airstrike                Air            7%           34%         4
 Lightning Bolt           Conj/Air       5%           87%         5


Dungeon Overview and Level Annotations

Branches:
Dungeon (2/15)

Altars:
Cheibriados
Zin


Innate Abilities, Weirdness & Mutations

Your plain brown scales are hard. (AC +5)
You cannot fit into any form of body armour.
You are cold-blooded and may be slowed by cold attacks.


Message History

The orc closely misses you.
You closely miss the orc.
* * * LOW HITPOINT WARNING * * *
You feel sick.
You kill the adder!
The orc barely misses you.
You hit the orc.
The orc is poisoned.
The orc is moderately wounded.
The orc hits you with a +0 short sword.
* * * LOW HITPOINT WARNING * * *
You closely miss the orc.
The orc is moderately wounded.
The orc hits you but does no damage.
You closely miss the orc.
The orc is moderately wounded.
The orc hits you but does no damage.
You hit the orc.
The orc looks as sick as possible!
Your tail-slap misses the orc.
The orc is heavily wounded.
You die...

..............##.# .........
.......##....###............
....##.#....## ......
##.........####......
#...#...............
#..........##.......
.......(...........
....................
..........o@......#
#......).)†..#.....
......).....# .##.
..........?.....
.................
.................
....#............
...##............ ...
.##..........


You could see an orc (extremely poisoned).

Vanquished Creatures
  A bullfrog skeleton (D:4)
  4 adders
  An ooze (D:1)
  A worm (D:2)
  A dart slug (D:2)
  A leopard gecko (D:2)
  4 orcs (D:4)
  3 bats (D:1)
  A giant cockroach (D:1)
  2 goblins (D:1)
  2 hobgoblins
  2 jackals (D:1)
  3 kobolds (D:1)
  2 frilled lizards (D:1)
  2 rats (D:1)
30 creatures vanquished.

Vanquished Creatures (others)
  17 plants (D:4)
17 creatures vanquished.

Grand Total: 47 creatures vanquished

Notes
Turn   | Place    | Note
-------+----------+-------------------------------------------
     0 | D:1      | AuftragZ the Draconian Air Elementalist began the quest for
                  | the Orb.
     0 | D:1      | Reached XP level 1. HP: 14/14 MP: 3/3
   426 | D:1      | Reached XP level 2. HP: 20/20 MP: 1/5
  1317 | D:2      | Reached XP level 3. HP: 26/26 MP: 2/6
  1644 | D:2      | You fall into a shaft and drop 2 floors!
  1649 | D:4      | Found a glowing silver altar of Zin.
  1650 | D:4      | Found a snail-covered altar of Cheibriados.
  1674 | D:4      | Reached skill level 1 in Short Blades
  1674 | D:4      | Reached XP level 4. HP: 28/33 MP: 0/7
  1713 | D:4      | Reached skill level 4 in Air Magic
  1930 | D:4      | HP: 1/33 [orc/+0 short sword (1)]
  1933 | D:4      | Succumbed to an adder's poison

Illustrated notes

Levels and vault maps discovered:
D:1:      saegor_arrival_simple_e, layout_loops_corners
D:2:      layout_basic
D:4:      layout_cave_pools, grunt_temple_overflow_open, serial_bayou_lagoon_a

Skill      XL: |  1  2  3  4 |
---------------+-------------+-----
Dodging        | 2 |  2.1
Stealth        | 2 |  2.3
Short Blades   | 1 |  1.1
Air Magic      | 4 |  4.3
Unarmed Combat | |  0.1
Spellcasting   | |  2.3
Conjurations   | |  1.2

Action                   |  1- 3 |  4- 6 || total
-------------------------+-------+-------++-------
Melee: Unarmed           |    17 |       ||    17
       Tailslap          |     3 |     3 ||     6
       Dagger            |    10 |    19 ||    29
 Cast: Shock             |    57 |    14 ||    71
Armor: Skin              |     4 |     4 ||     8
Dodge: Dodged            |    18 |    27 ||    45
